 Dungeon Crawl Stone Soup version 0.30-a0-778-g2ef04afb54 (webtiles) character file.

Game seed: 4276381588484298139

211082 demibob the Executioner (level 18, -1/283 HPs)
             Began as a Hill Orc Berserker on Feb 15, 2023.
             Was the Champion of Trog.
             Slain by a merfolk
             ... wielding a +0 trident
              (4 damage)
             ... on level 1 of the Shoals on Feb 16, 2023.
             The game lasted 01:04:11 (35734 turns).

demibob the Executioner (Hill Orc Berserker)       Turns: 35734, Time: 01:04:12

Health: -1/283     AC: 28    Str: 29    XL:     18   Next: 87%
Magic:  6/6        EV: 12    Int:  7    God:    Trog [******]
Gold:   782        SH:  0    Dex: 12    Spells: 17/17 levels left

rFire   . . .      SeeInvis .    B - +6 battleaxe (antimagic)
rCold   + . .      Faith    +    (shield currently unavailable)
rNeg    . . .      Spirit   .    n - +2 chain mail {rC+}
rPois   +          Reflect  .    g - +2 helmet "Nosaddea" {Str+7 Dex-4 Slay+6}
rElec   .          Harm     .    G - +0 cloak
rCorr   .          Rampage  .    r - +3 pair of gauntlets of War {Slay+5}
Will    +++..                    q - +0 pair of boots Stlth
                                 c - amulet of faith {!P}
HPRegen 1.67/turn                P - ring of poison resistance
MPRegen 0.10/turn                L - ring of flight

@: berserking, strong-willed, flying, regenerating, hasted, very quick
A: no striking features
}: 1/15 runes: serpentine
a: Renounce Religion, Berserk, Trog's Hand, Brothers in Arms


You were on level 1 of the Shoals.
You worshipped Trog.
Trog was exalted by your worship.
You visited 6 branches of the dungeon, and saw 28 of its levels.
You also visited: Ossuary and Bailey.

You collected 2313 gold pieces.
You spent 1531 gold pieces at shops.


   Skills:
 + Level 23.5 Fighting
 - Level 24.0 Axes
 + Level 17.1 Armour
 - Level 8.9 Dodging
 - Level 6.8 Evocations


You had 17 spell levels left.
You didn't know any spells.
Your spell library was empty.

Inventory:

Hand Weapons
 a - a +3 heavy executioner's axe
 b - a +3 battleaxe of flaming
 B - a +6 antimagic battleaxe (weapon)
Missiles
 f - 6 atropa-tipped darts
 i - 8 datura-tipped darts (quivered)
 k - 3 throwing nets {=f}
Armour
 g - the +2 helmet "Nosaddea" (worn) {Str+7 Dex-4 Slay+6}
   (You acquired it on level 4 of the Dungeon)

   Str:       It affects your strength (+7).
   Dex:       It affects your dexterity (-4).
   Slay:      It affects your accuracy & damage with ranged weapons and melee
   (+6).
 n - a +2 chain mail of cold resistance (worn)
 q - a +0 pair of boots (worn)
 r - the +3 pair of gauntlets of War (worn) {Slay+5}
   (You bought it in a shop on level 2 of the Orcish Mines)

   Slay:      It affects your accuracy & damage with ranged weapons and melee
   (+5).
 G - a +0 cloak (worn)
Jewellery
 c - an amulet of faith (around neck) {!P}
 u - the ring of Pootyimi {rF+ rC- Str+4}
   (You found it in a bailey)

   [ring of protection from fire]

   Str:       It affects your strength (+4).
   rF:        It protects you from fire.
   rC:        It makes you vulnerable to cold.
 v - a ring of see invisible
 C - a ring of protection from cold
 L - a ring of flight (right hand)
 M - a ring of magical power
 N - a ring of positive energy
 P - a ring of poison resistance (left hand)
 T - a +4 ring of protection
 U - an amulet of reflection
Wands
 h - a wand of polymorph (12)
 p - a wand of roots (32)
 s - a wand of paralysis (22)
 I - a wand of digging (12)
 J - a wand of quicksilver (6)
 O - a wand of mindburst (3)
 R - a wand of flame (26)
Scrolls
 l - 5 scrolls of enchant weapon
 o - 2 scrolls of teleportation {@r2}
 t - 2 scrolls of poison
 x - 33 scrolls of identify {@r1}
 E - 2 scrolls of magic mapping
 F - a scroll of blinking
 K - 3 scrolls of fog
 S - 6 scrolls of enchant armour
Potions
 d - 5 potions of resistance
 j - 6 potions of might
 m - 4 potions of curing {@q1}
 w - 3 potions of ambrosia
 y - a potion of cancellation
 z - 3 potions of mutation
 A - 4 potions of flight
 H - 5 potions of haste {@q3}
 Q - a potion of berserk rage {!q}
Miscellaneous
 e - a phial of floods
 V - a box of beasts

Dungeon Overview and Level Annotations

Branches:
Dungeon (15/15)            Temple (0/1) D:4            Lair (5/5) D:8
 Shoals (1/4) Lair:3        Snake (4/4) Lair:3        Slime (0/5) Lair:4
    Orc (2/2) D:10            Elf (0/3) Orc:2        Vaults (1/5) D:13
 Depths (0/4) D:15        Ossuary (visited)          Bailey (visited)

Altars:
Ashenzari
Elyvilon
Fedhas
Hepliaklqana
Kikubaaqudgha
Makhleb
Okawaru
Ru
Sif Muna
Trog
Uskayaw
Wu Jian
Jiyva

Shops:
D:2 *   D:4 !=*(   D:8 (   D:9 *   Orc:2 *[:(   Snake:1 *   Snake:2 *
Snake:3 =::

Annotations:
Lair:2 3 runed translucent doors, exclusion: oklob plant, Pisauk's ghost, journeyman HOFi
Lair:4 1 runed translucent door, Xutikh's ghost, journeyman SpCA
Shoals:1 Nikola

?..~~..~...~...
~~...~.~≈~~~~..# ..
..~≈≈≈≈~~....###..
.~≈≈≈≈≈.........~~
~~~.≈≈≈~~...~~~~~~
....~~~~~..~~~~~~~
.. #....m§§≈≈~~~~~
....##.##§§m§~.....~
.......§§@§m§)m.....
~......§§§@t÷÷..~~..
~~.~~...§§§m÷.~.~...
≈~~......≈~~~~..###.
~≈~......≈~~....#
~~≈~~...~≈≈≈≈~..#
~~~~~.$~≈≈~~≈≈~..#
~~~~~~~~≈≈~~~>~..S#
≈≈≈~~....~~~..~...


You could see Nikola (magic disrupted), a merfolk javelineer, a snapping turtle,
2 merfolk and a merfolk siren.


Message History

The merfolk barely misses you.
The merfolk hits you from afar with a +0 trident!
* * * LOW HITPOINT WARNING * * *
You barely miss Nikola.
Nikola is almost dead.
You closely miss the sea snake. The sea snake misses you.
Nikola falters for a moment.
The merfolk javelineer throws a javelin.
The javelin closely misses you.
A merfolk siren comes into view. It is wielding a +0 spear.
You barely miss Nikola.
Nikola is severely wounded.
You slice the sea snake!!
You kill the sea snake!
Trog accepts your kill.
The merfolk hits you from afar with a +0 trident.
* * * LOW HITPOINT WARNING * * *
The merfolk hits you from afar with a +0 trident!
* * * LOW HITPOINT WARNING * * *
A snapping turtle comes into view.
You slash Nikola!
Nikola's magic leaks into the air.
Nikola is almost dead.
The merfolk siren barely misses you. Nikola hits you but does no damage.
You hit Nikola.
Nikola's magic leaks into the air.
Nikola is almost dead.
The merfolk javelineer throws a javelin.
The javelin misses you.
The merfolk throws a boomerang.
The boomerang hits you!
* * * LOW HITPOINT WARNING * * *
The merfolk hits you from afar with a +0 trident.
You die...

Skill      XL: |  1  2  3  4  5  6  7  8  9 10 11 12 13 14 15 16 17 18 |
---------------+-------------------------------------------------------+-----
Axes           | 5 6 7 8 10 12 13 15 17 18 20 22 23 24 | 24.0
Fighting       | 6 9 10 13 15 18 20 22 23 | 23.5
Armour         | 7 10 11 14 15 17 | 17.1
Evocations     | 2 6 |  6.8
Dodging        | 5 8 |  8.9

Action                     |  1- 3 |  4- 6 |  7- 9 | 10-12 | 13-15 | 16-18 || total
---------------------------+-------+-------+-------+-------+-------+-------++-------
  Melee: Hand axe          |    85 |   167 |   142 |       |       |       ||   394
         Punch             |       |     1 |     5 |     4 |       |       ||    10
         War axe           |       |       |    64 |   200 |       |       ||   264
         Battleaxe         |       |       |       |   325 |   288 |   226 ||   839
         Executioner's axe |       |       |       |       |   277 |   416 ||   693
  Throw: Dart              |       |       |       |     2 |       |       ||     2
 Invoke: Berserk           |     3 |     2 |     3 |     5 |     4 |     4 ||    21
         Brothers in Arms  |       |       |       |     1 |     6 |     4 ||    11
         Trog's Hand       |       |       |       |     1 |     4 |     6 ||    11
  Evoke: Wand              |       |       |       |     1 |     8 |       ||     9
         Phial of floods   |       |       |       |       |     1 |       ||     1
    Use: Scroll            |     1 |     8 |     6 |    13 |     5 |    13 ||    46
         Potion            |       |     1 |     1 |     8 |     2 |    18 ||    30
   Stab: Distracted        |       |     1 |       |       |       |     1 ||     2
         Sleeping          |       |       |     1 |       |       |       ||     1
         Paralysed         |       |       |       |     2 |     1 |       ||     3
         Petrified         |       |       |       |       |     5 |       ||     5
         Petrifying        |       |       |       |       |     3 |       ||     3
         Invisible         |       |       |       |       |       |     1 ||     1
 Armour: Animal skin       |    17 |    31 |    35 |     1 |       |       ||    84
         Chain mail        |       |       |       |   234 |   346 |   493 ||  1073
  Dodge: Dodged            |    44 |    83 |    65 |   179 |   200 |   399 ||   970

Levels and vault maps discovered:
D:1:      minmay_arrival_up_and_down, layout_basic,
          ebering_ecumenical_altar_hall, due_unseen_surprise
D:2:      layout_rooms, serial_shops, nicolae_shop_hallway_plus
D:3:      layout_loops_ring, nicolae_uskayaw_suspiria, general_overflow_altar,
          amcnicky_mini_rare_corridor_liquid, minmay_statues_item, uniq_terence
D:4:      layout_basic, minmay_temple_entry_grid, minmay_shop_grid_forest,
          amcnicky_mini_pool_small, amcnicky_mini_corridor_feature, uniq_robin
D:5:      layout_loops_ring, uniq_pikel
D:6:      layout_loops_ring, nicolae_kikubaaqudgha_miasma_corner,
          lemuel_tele_altar, amcnicky_altar_gilded, uniq_menkaure
D:7:      layout_rooms, led_sif_book, mainiacjoe_overflow_surrounded_room,
          kennysheep_little_box, enter_bailey_6,
          nicolae_ossuary_entry_catacombs, lemuel_flame_loot_1, uniq_joseph
D:8:      layout_rooms, dpeg_oklobed_lair, serial_shops, nicolae_shop_crystal,
          uniq_psyche
D:9:      layout_basic, mainiacjoe_overflow_small_starburst,
          nicolae_alphabet_shops, uniq_erica, uniq_grum
D:10:     layout_basic, amethyst_overflow_temple_binary, orc_0_dummy
D:11:     layout_loops_ring
D:12:     hellmonk_paralyzer, layout_irregular_city
D:13:     layout_loops_ring, david_vaults_2
D:14:     layout_small_grid, hangedman_decor_riveting, nicolae_nh_vlads_tower
D:15:     grunt_enter_depths_magical_seal, layout_loops_ring,
          grunt_decor_one_mirror
Lair:1:   layout_cave_pods
Lair:2:   layout_regular_city, gammafunk_ghost_necromancy, minivault_24,
          tgw_fedhas
Lair:3:   layout_regular_city, elwin_shoals_entry_rooms,
          guppyfry_snake_entry_island, nicolae_quartered_pool_super
Lair:4:   layout_gridlike, slime_entry_1, ebering_ghost_inner_flame,
          minivault_19
Lair:5:   grunt_lair_end_beastmaster, layout_loops_ring, serial_bayou_crossing
Shoals:1: layout_shoals, uniq_nikola, uniq_kirke, uniq_aizul
Snake:1:  layout_grid_maze, serial_shops, shop, nicolae_triple_integral,
          uniq_mlioglotl
Snake:2:  layout_misc_corridors, basic_altar, nicolae_shop_sticking_my_neck_out,
          grunt_megastairs_2
Snake:3:  layout_misc_corridors, minmay_shop_grove, uniq_vashnia
Snake:4:  snake_pit, layout_rooms, uniq_saint_roka
Orc:1:    layout_caves
Orc:2:    grunt_orc_gardens, layout_caves, grunt_orc_garden, grunt_orc_garden,
          grunt_orc_garden, grunt_orc_garden, basic_altar
Vaults:1: nicolae_vaults_stairing_the_circle, nicolae_vaults_specimen_jars,
          hangedman_vaults_stitches, door_vault, serial_ice_g,
          grunt_vaults_hallway_short, grunt_vaults_hallway_long,
          vaults_standard_mumra_enter_the_diamond, vaults_room_fancy_cross,
          nicolae_vaults_back_hallway, v_alt_pattern_6,
          grunt_vaults_hallway_short, hangedman_vaults_impose,
          ontoclasm_vaults_pinch, ontoclasm_vaults_spin, layout_vaults_omnibox

Notes
Turn   | Place    | Note
-------+----------+-------------------------------------------
     0 | D:1      | demibob the Hill Orc Berserker began the quest for the Orb.
     0 | D:1      | Reached XP level 1. HP: 19/19 MP: 1/1
    86 | D:1      | Reached XP level 2. HP: 10/26 MP: 2/2
   294 | D:1      | Reached skill level 5 in Axes
   395 | D:1      | Found a faded altar of an unknown god.
   464 | D:1      | Reached XP level 3. HP: 27/31 MP: 3/3
   568 | D:1      | Reached ** piety under Trog
   969 | D:2      | Reached skill level 6 in Axes
  1067 | D:2      | Reached XP level 4. HP: 39/39 MP: 4/4
  1227 | D:2      | Found Miluri's General Store.
  1242 | D:2      | Identified a potion of resistance
  1318 | D:2      | Reached skill level 7 in Axes
  1627 | D:3      | Reached XP level 5. HP: 45/45 MP: 5/5
  1717 | D:3      | Reached *** piety under Trog
  1775 | D:3      | Noticed Terence
  1780 | D:3      | Killed Terence
  1781 | D:3      | Reached skill level 8 in Axes
  1806 | D:3      | Found a broken altar of Ashenzari.
  2166 | D:3      | Found a hide-covered altar of Uskayaw.
  2176 | D:3      | Reached XP level 6. HP: 48/51 MP: 6/6
  2344 | D:3      | You fall into a shaft and drop 1 floor!
  2348 | D:4      | Identified a scroll of acquirement
  2348 | D:4      | Acquired the +2 helmet "Nosaddea" {Str+7 Dex-4 Slay+6}
  2473 | D:4      | Found a staircase to the Ecumenical Temple.
  2522 | D:4      | Noticed Robin
  2529 | D:4      | Killed Robin
  2530 | D:4      | Reached skill level 9 in Axes
  2605 | D:4      | Found Kago's Weapon Emporium.
  2605 | D:4      | Found Hecalec's General Store.
  2606 | D:4      | Found Jineegg's Jewellery Emporium.
  2606 | D:4      | Found Ewiph's Distillery.
  2614 | D:4      | Reached **** piety under Trog
  2648 | D:4      | Bought a potion of heal wounds for 50 gold pieces
  2648 | D:4      | Bought a potion of curing for 30 gold pieces
  2651 | D:4      | Bought a scroll of identify for 26 gold pieces
  2859 | D:4      | Reached skill level 10 in Axes
  2913 | D:4      | Reached XP level 7. HP: 53/57 MP: 7/7
  3268 | D:5      | Entered Level 5 of the Dungeon
  3413 | D:5      | Reached skill level 11 in Axes
  3757 | D:5      | Reached skill level 12 in Axes
  3757 | D:5      | Reached XP level 8. HP: 49/64 MP: 8/8
  4059 | D:5      | Noticed Pikel
  4076 | D:5      | Killed Pikel
  4077 | D:5      | Reached skill level 5 in Fighting
  4300 | D:6      | Noticed Menkaure
  4304 | D:6      | Killed Menkaure
  4305 | D:6      | Reached skill level 6 in Fighting
  4305 | D:6      | Reached skill level 13 in Axes
  4433 | D:6      | Found an ancient bone altar of Kikubaaqudgha.
  4464 | D:6      | Found a hazy altar of Hepliaklqana.
  4487 | D:6      | Reached XP level 9. HP: 61/78 MP: 9/9
  4499 | D:6      | Reached skill level 7 in Fighting
  4576 | D:6      | Found an ornate altar of the Wu Jian Council.
  4840 | D:6      | Reached skill level 14 in Axes
  5061 | D:6      | Reached skill level 8 in Fighting
  5245 | D:6      | Reached ***** piety under Trog
  5549 | D:7      | Noticed Joseph
  5568 | D:7      | Killed Joseph
  5569 | D:7      | Reached skill level 9 in Fighting
  5722 | D:7      | Found a burning altar of Makhleb.
  5776 | D:7      | Found a flagged portal.
  5788 | D:7      | Reached skill level 15 in Axes
  5802 | Bailey   | Entered a bailey
  5843 | Bailey   | Reached XP level 10. HP: 87/92 MP: 10/10
  5925 | Bailey   | Noticed an orc knight
  5939 | Bailey   | Killed an orc knight
  5940 | Bailey   | Reached skill level 3 in Armour
  5979 | Bailey   | Found an iron altar of Okawaru.
  5985 | Bailey   | Identified the ring of Pootyimi {rF+ rC- Str+4}
  6076 | D:7      | Reached skill level 4 in Armour
  6091 | D:7      | Found a sand-covered staircase.
  6096 | Ossuary  | Entered an ossuary
  6247 | Ossuary  | Reached skill level 16 in Axes
  6398 | Ossuary  | Reached skill level 5 in Armour
  6682 | D:7      | Received a gift from Trog
  6764 | D:7      | Reached skill level 6 in Armour
  6814 | D:7      | Found a blossoming altar of Fedhas.
  7016 | D:7      | Found a shimmering blue altar of Sif Muna.
  7255 | D:8      | Reached skill level 17 in Axes
  7256 | D:8      | Reached skill level 7 in Armour
  7256 | D:8      | Reached XP level 11. HP: 99/99 MP: 3/11
  7386 | D:8      | Identified the +0 ring mail of Dapnuez {Dex+3}
  7511 | D:8      | Found a staircase to the Lair.
  7623 | D:8      | Noticed Psyche
  7629 | D:8      | Killed Psyche
  7630 | D:8      | Found Zemowexa's Weapon Emporium.
  7698 | D:8      | Identified the +12 hand axe "Ewnuhuso" {speed, SInv}
  7944 | D:9      | Noticed Erica
  7964 | D:9      | Killed Erica
  7971 | D:9      | Reached skill level 8 in Armour
  7973 | D:9      | Reached ****** piety under Trog
  8237 | D:9      | Noticed Grum
  8247 | D:9      | Killed Grum
  8252 | D:9      | Received a gift from Trog
  8499 | D:9      | Found a sacrificial altar of Ru.
  8730 | D:9      | Found Piwau's Practical Paraphernalia.
  8793 | D:10     | Entered Level 10 of the Dungeon
  8793 | D:10     | Noticed a two-headed ogre
  8801 | D:10     | Reached skill level 18 in Axes
  8802 | D:10     | Killed a two-headed ogre
  8803 | D:10     | Reached skill level 9 in Armour
  8958 | D:10     | Found a staircase to the Orcish Mines.
  9230 | D:10     | Reached skill level 10 in Armour
  9245 | D:10     | Reached skill level 1 in Evocations
  9327 | D:10     | Found a bloodstained altar of Trog.
  9340 | D:10     | Found a white marble altar of Elyvilon.
  9725 | D:11     | Noticed a centaur warrior
  9728 | D:11     | Noticed a rakshasa
  9895 | Lair:1   | Entered Level 1 of the Lair of Beasts
  9902 | Lair:1   | Reached skill level 2 in Evocations
  9902 | Lair:1   | Reached XP level 12. HP: 90/106 MP: 4/12
  9960 | Lair:1   | Reached skill level 19 in Axes
  9981 | Lair:1   | Reached skill level 3 in Evocations
  9984 | Lair:1   | Received a gift from Trog
 10360 | Lair:1   | Reached skill level 4 in Evocations
 10696 | Lair:1   | Reached skill level 5 in Evocations
 11441 | Lair:2   | Reached skill level 20 in Axes
 11515 | Lair:2   | Reached skill level 6 in Evocations
 11891 | Lair:2   | Noticed a boulder beetle
 11911 | Lair:2   | Killed a boulder beetle
 12126 | Lair:2   | Found a runed translucent gate.
 12126 | Lair:2   | Found a runed translucent gate.
 12127 | Lair:2   | Found a runed translucent gate.
 12128 | Lair:2   | You fall into a shaft and drop 2 floors!
 12136 | Lair:4   | Reached skill level 10 in Fighting
 12524 | Lair:2   | Found a blossoming altar of Fedhas.
 12666 | Lair:2   | Noticed Pisauk's ghost (journeyman HOFi)
 12947 | Lair:3   | Found a staircase to the Snake Pit.
 12966 | Lair:3   | Reached XP level 13. HP: 104/114 MP: 4/13
 13171 | Lair:3   | Reached skill level 11 in Fighting
 13176 | Lair:3   | Reached skill level 21 in Axes
 13443 | Lair:3   | Found a staircase to the Shoals.
 14057 | Lair:4   | Found a viscous altar of Jiyva.
 14058 | Lair:4   | Found a staircase to the Slime Pits.
 14324 | Lair:4   | Found a runed translucent door.
 14324 | Lair:4   | Noticed Xutikh's ghost (journeyman SpCA)
 14734 | Lair:5   | Entered Level 5 of the Lair of Beasts
 14765 | Lair:5   | Reached skill level 12 in Fighting
 15118 | Lair:5   | Reached skill level 22 in Axes
 15285 | Lair:5   | Reached skill level 13 in Fighting
 15779 | Lair:5   | Reached XP level 14. HP: 64/130 MP: 4/14
 16022 | Lair:5   | Reached skill level 14 in Fighting
 16172 | Lair:5   | Identified the +3 quick blade of Asceticism {flame, rCorr
                  | Stlth+} (Trog gifted it to you on level 5 of the Lair of
                  | Beasts)
 16172 | Lair:5   | Received a gift from Trog
 16553 | Orc:1    | Entered Level 1 of the Orcish Mines
 17003 | Orc:2    | Entered Level 2 of the Orcish Mines
 17022 | Orc:2    | Found a staircase to the Elven Halls.
 17030 | Orc:2    | Paralysed by an orc sorcerer for 5 turns
 17035 | Orc:2    | Noticed an orc warlord
 17043 | Orc:2    | Killed an orc warlord
 17044 | Orc:2    | Reached skill level 23 in Axes
 17762 | Orc:2    | Found Ymaom Kism's Book Emporium.
 17798 | Orc:2    | Found Bupp's Antique Weapon Boutique.
 17841 | Orc:2    | Reached skill level 15 in Fighting
 17841 | Orc:2    | Noticed a stone giant
 17851 | Orc:2    | Killed a stone giant
 17984 | Orc:2    | Found Onoweuph's Antique Armour Shop.
 17994 | Orc:2    | Found a bloodstained altar of Trog.
 18033 | Orc:2    | Received a gift from Trog
 18114 | Orc:2    | Found Pune's General Store.
 18419 | Orc:2    | Bought the +3 pair of gauntlets of War {Slay+5} for 1425
                  | gold pieces
 18419 | Orc:2    | Found the +3 pair of gauntlets of War {Slay+5}
 19938 | D:12     | Identified the +2 pair of gloves of Existentialism {+Blink
                  | Will- SInv}
 19959 | D:12     | Reached skill level 11 in Armour
 20264 | D:13     | Reached XP level 15. HP: 88/143 MP: 15/15
 20634 | D:13     | Reached skill level 16 in Fighting
 20701 | D:13     | Reached skill level 24 in Axes
 20744 | D:13     | Found a gate to the Vaults.
 21300 | D:14     | Upgraded the game from 0.30-a0-777-ga9a30cbeda to
                  | 0.30-a0-778-g2ef04afb54
 21364 | D:14     | Reached skill level 12 in Armour
 21717 | D:14     | Received a gift from Trog
 21825 | D:14     | Found an ancient bone altar of Kikubaaqudgha.
 22454 | D:15     | Entered Level 15 of the Dungeon
 22524 | D:15     | Reached skill level 17 in Fighting
 22843 | D:15     | Reached skill level 13 in Armour
 23357 | D:15     | Found a staircase to the Depths.
 23979 | Snake:1  | Entered Level 1 of the Snake Pit
 24210 | Snake:1  | Found Gezug's General Store.
 24215 | Snake:1  | Reached skill level 18 in Fighting
 24219 | Snake:1  | Received a gift from Trog
 24220 | Snake:1  | Reached skill level 14 in Armour
 24220 | Snake:1  | Reached XP level 16. HP: 132/157 MP: 16/16
 25090 | Snake:1  | Noticed Mlioglotl
 25101 | Snake:1  | Killed Mlioglotl
 25372 | Snake:1  | HP: 10/159 [something (6)]
 26160 | Snake:2  | Reached skill level 2 in Dodging
 26191 | Snake:2  | Reached skill level 19 in Fighting
 26209 | Snake:2  | Reached skill level 3 in Dodging
 26384 | Snake:2  | Received a gift from Trog
 26420 | Snake:2  | Reached skill level 4 in Dodging
 26992 | Snake:2  | Found Nolles's Neck Hole.
 27251 | Snake:2  | Found an iron altar of Okawaru.
 27371 | Snake:3  | Noticed Vashnia
 27378 | Snake:3  | Noticed a nagaraja
 27385 | Snake:3  | Killed Vashnia
 27389 | Snake:3  | Reached skill level 5 in Dodging
 27389 | Snake:3  | Killed a nagaraja
 27573 | Snake:3  | Identified a +2 robe of resistance
 27615 | Snake:3  | Reached skill level 20 in Fighting
 27945 | Snake:3  | Reached XP level 17. HP: 148/170 MP: 14/17
 27950 | Snake:3  | Reached skill level 6 in Dodging
 28552 | Snake:3  | Received a gift from Trog
 28553 | Snake:3  | Identified a +1 robe of resistance
 28705 | Snake:3  | Found Loasuw's Jewellery Shop.
 28705 | Snake:3  | Found Meod's Book Emporium.
 28707 | Snake:3  | Found Sualoj's Book Emporium.
 28779 | Snake:4  | Entered Level 4 of the Snake Pit
 28993 | Snake:4  | Reached skill level 7 in Dodging
 29690 | Snake:4  | Reached skill level 21 in Fighting
 29933 | Snake:4  | Noticed Saint Roka
 30270 | Snake:4  | Reached skill level 8 in Dodging
 30479 | Snake:3  | Killed Saint Roka
 30632 | Snake:4  | Received a gift from Trog
 31547 | Snake:4  | Identified the +4 hand axe of the Sun {flame, rPois rC-
                  | SInv}
 31720 | Snake:4  | Got a serpentine rune of Zot
 32159 | Vaults:1 | Entered Level 1 of the Vaults
 32302 | Vaults:1 | Reached skill level 15 in Armour
 32308 | Vaults:1 | Reached skill level 22 in Fighting
 32309 | Vaults:1 | Reached XP level 18. HP: 141/184 MP: 18/18
 32327 | Vaults:1 | HP: 11/184 [deep troll[an ironbound preserver] (12)]
 32335 | Vaults:1 | Received a gift from Trog
 33468 | Vaults:1 | Reached skill level 16 in Armour
 34157 | Vaults:1 | Found a huge runed gate.
 34157 | Vaults:1 | Found a huge runed gate.
 34157 | Vaults:1 | Found a huge runed gate.
 34157 | Vaults:1 | Found a huge runed gate.
 34157 | Vaults:1 | Found a huge runed gate.
 34172 | Vaults:1 | Reached skill level 23 in Fighting
 34173 | Vaults:1 | Found a huge runed gate.
 34173 | Vaults:1 | Found a huge runed gate.
 34173 | Vaults:1 | Found a huge runed gate.
 34173 | Vaults:1 | Found a huge runed gate.
 34198 | Vaults:1 | Found a huge runed gate.
 34198 | Vaults:1 | Found a huge runed gate.
 34198 | Vaults:1 | Found a huge runed gate.
 34198 | Vaults:1 | Found a huge runed gate.
 34198 | Vaults:1 | Found a huge runed gate.
 34198 | Vaults:1 | Found a huge runed gate.
 34199 | Vaults:1 | Found a huge runed gate.
 34366 | Vaults:1 | Found a huge runed gate.
 34374 | Vaults:1 | Found a huge runed gate.
 34374 | Vaults:1 | Found a huge runed gate.
 34374 | Vaults:1 | Found a huge runed gate.
 34374 | Vaults:1 | Found a huge runed gate.
 34374 | Vaults:1 | Found a huge runed gate.
 34374 | Vaults:1 | Found a huge runed gate.
 34375 | Vaults:1 | Found a huge runed gate.
 34376 | Vaults:1 | Found a huge runed gate.
 34377 | Vaults:1 | Found a huge runed gate.
 34386 | Vaults:1 | Found a huge runed gate.
 34386 | Vaults:1 | Found a huge runed gate.
 34386 | Vaults:1 | Found a huge runed gate.
 34386 | Vaults:1 | Found a huge runed gate.
 34386 | Vaults:1 | Found a huge runed gate.
 34386 | Vaults:1 | Found a huge runed gate.
 34387 | Vaults:1 | Found a huge runed gate.
 34388 | Vaults:1 | Found a huge runed gate.
 34389 | Vaults:1 | Found a huge runed gate.
 34397 | Vaults:1 | Found a huge runed gate.
 34617 | Vaults:1 | Received a gift from Trog
 34970 | Vaults:1 | Noticed a titan
 34973 | Vaults:1 | Paralysed by an ogre mage for 3 turns
 35260 | Shoals:1 | Entered Level 1 of the Shoals
 35279 | Shoals:1 | Reached skill level 17 in Armour
 35281 | Shoals:1 | Noticed Nikola
 35732 | Shoals:1 | HP: 27/283 [merfolk/+0 trident (4)]
 35734 | Shoals:1 | HP: 3/283 [merfolk/boomerang[a merfolk javelineer] (13)]
 35734 | Shoals:1 | Slain by a merfolk

Vanquished Creatures
  Vashnia (Snake:3)
  Saint Roka (Snake:3)
  7 nagarajas
  A stone giant (Orc:2)
  7 ironbound preservers (Vaults:1)
  A vampire knight (D:14)
  3 ironbound thunderhulks (Vaults:1)
  8 dire elephants (Vaults:1)
  2 jiangshi (D:14)
  4 ettins
  2 yaktaur captains
  An entropy weaver (Vaults:1)
  A deep elf high priest (Vaults:1)
  3 rakshasas
  A great orb of eyes (Vaults:1)
  A salamander tyrant (Snake:4)
  3 hydras
  5 boulder beetles
  4 ironbound frosthearts (Vaults:1)
  6 anacondas
  2 ogre magi
  Erica (D:9)
  A catoblepas (Lair:5)
  9 centaur warriors
  5 two-headed ogres
  A deep troll shaman (Lair:5)
  A tengu warrior (D:13)
  4 death yaks (Lair:5)
  15 naga warriors
  3 shock serpents
  18 naga sharpshooters
  2 salamander mystics
  28 deep trolls (Vaults:1)
  3 sea snakes (Shoals:1)
  Pikel (D:5)
  11 harpies (Shoals:1)
  10 naga ritualists
  2 wizards (D:15)
  A wolf spider zombie (D:15)
  2 orc knights
  9 lindwurms
  A necromancer (D:15)
  16 mana vipers
  2 deep elf pyromancers
  10 ugly things
  3 orc sorcerers
  3 manticores
  13 salamanders
  12 cyclopes
  2 guardian serpents
  A vault sentinel (Vaults:1)
  Joseph (D:7)
  28 naga magi
  37 black mambas
  13 cane toads
  11 elephants
  3 rime drakes
  Psyche (D:8)
  9 komodo dragons
  A kobold demonologist (D:10)
  A freezing wraith (D:15)
  2 efreet
  4 yaktaurs
  2 unseen horrors
  8 trolls
  A polar bear (shapeshifter) (D:15)
  3 meliai (D:13)
  4 merfolk
  8 hornets
  A polar bear (Lair:4)
  A tarantella (Vaults:1)
  12 dream sheep
  4 blink frogs (Lair:3)
  2 meliai zombies (D:15)
  A snapping turtle (Shoals:1)
  15 slime creatures
  A centaur simulacrum (D:15)
  2 wraiths
  5 vampires (D:14)
  4 wyverns
  A water elemental (Shoals:1)
  Grum (D:9)
  31 yaks
  3 vampire mosquitoes (D:11)
  4 steam dragons
  Menkaure (D:6)
  An acid dragon (D:12)
  12 water moccasins
  45 nagas
  2 wargs (Orc:1)
  A floating eye (D:12)
  22 orc warriors
  2 ice beasts (D:6)
  3 black bears
  10 ogres
  22 centaurs
  21 wolves
  9 kobold brigands
  A gnoll sergeant (D:9)
  10 bullfrogs
  A necrophage (D:6)
  2 elf skeletons (D:7)
  4 scorpions
  3 wyvern zombies (Ossuary)
  5 water moccasin zombies (Ossuary)
  5 wights (D:8)
  13 killer bees
  5 howler monkeys
  3 electric eels (Lair:3)
  9 bullfrog zombies (Ossuary)
  9 centaur zombies
  A hound (D:6)
  2 gnoll boudas
  11 orc priests
  2 jellies
  Terence (D:3)
  2 human skeletons (D:7)
  An iguana (D:7)
  21 orc wizards
  16 hell rats
  8 mummies (Ossuary)
  5 howler monkey zombies (Ossuary)
  Robin (D:4)
  28 gnolls
  9 adders
  3 ufetubi
  2 worms (D:2)
  2 dart slugs
  54 orcs
  5 ball pythons (D:1)
  10 endoplasms
  3 giant cockroaches
  15 goblins
  8 hobgoblins
  A quokka (D:2)
  3 bats
  6 frilled lizards
  44 kobolds
  2 orc skeletons (D:7)
  4 rats
970 creatures vanquished.

Vanquished Creatures (collateral kills)
  Mlioglotl (Snake:1)
  An orc warlord (Orc:2)
  2 hydras
  2 death yaks (Lair:5)
  A naga sharpshooter (Snake:3)
  A deep troll (Vaults:1)
  A cyclops (Orc:2)
  A naga (Snake:3)
  2 orc warriors (Orc:2)
  An orc priest (Orc:2)
  3 orcs (Orc:2)
16 creatures vanquished.

Vanquished Creatures (others)
  A water nymph (Shoals:1)
  An unseen horror (D:13)
  An ogre (Orc:2)
  A jelly (D:7)
  An orc wizard (Orc:1)
  An ufetubus (D:7)
  An orc (Orc:2)
  30 fungi
  63 plants
  2 withered plants (Ossuary)
102 creatures vanquished.

Grand Total: 1088 creatures vanquished

Table legend: (Time is in decaauts)
 A = Elapsed time spent in this place.
 B = Non-inter-level travel time spent in this place.
 C = Inter-level travel time spent in this place.
 D = Time resting spent in this place.
 E = Time spent auto-exploring this place.
 F = Levels seen in this place.
 G = Mean time per level.
                   A        B        C        D        E       F      G
               +--------+--------+--------+--------+--------+-----+--------+
         Total |  35638 |  33891 |   1747 |   6379 |  22394 |  30 | 1187.9 |
       Dungeon |  15226 |  14329 |    897 |   1077 |  11063 |  15 | 1015.1 |
          Lair |   7184 |   6706 |    478 |   1041 |   4940 |   5 | 1436.8 |
        Shoals |     53 |     53 |      0 |      0 |      0 |   1 |   53.0 |
     Snake Pit |   8032 |   7807 |    225 |   3123 |   3540 |   4 | 2008.0 |
  Orcish Mines |   1939 |   1850 |     89 |    398 |   1169 |   2 |  969.5 |
        Vaults |   2524 |   2468 |     56 |    694 |   1374 |   1 | 2524.0 |
       Ossuary |    473 |    473 |      0 |      0 |    301 |   1 |  473.0 |
        Bailey |    204 |    204 |      0 |     44 |      6 |   1 |  204.0 |
               +--------+--------+--------+--------+--------+-----+--------+

Top non-repeatable levels by time:
 Snake:3: 3264 daAuts
Vaults:1: 2524 daAuts
 Snake:1: 2233 daAuts
  Lair:5: 1646 daAuts
  Lair:3: 1644 daAuts
  Lair:1: 1634 daAuts
    D:13: 1474 daAuts
   Orc:2: 1468 daAuts
    D:15: 1300 daAuts
 Snake:4: 1283 daAuts
  Lair:2: 1282 daAuts
     D:6: 1264 daAuts
 Snake:2: 1251 daAuts
    D:14: 1184 daAuts
    D:10: 1113 daAuts

Table legend:
 A = Non-vault XP
 B = Vault XP
 C = Vault XP percentage of total XP
 D = Non-vault monster count
 E = Vault monster count
 F = Vault count percentage of total count
                 A         B        C        D         E       F
            +---------+---------+-------+---------+---------+-------
      Total |  206577 |  101130 |  32.9 |     745 |     243 |  24.6
            +---------+---------+-------+---------+---------+-------
        D:1 |      44 |       0 |   0.0 |      24 |       0 |   0.0
        D:2 |     119 |       0 |   0.0 |      25 |       0 |   0.0
        D:3 |     145 |      36 |  19.9 |      22 |       1 |   4.3
        D:4 |     374 |      30 |   7.4 |      22 |       9 |  29.0
        D:5 |     482 |     651 |  57.5 |       9 |       1 |  10.0
        D:6 |    1231 |     172 |  12.3 |      30 |       1 |   3.2
        D:7 |    1529 |     712 |  31.8 |      35 |       7 |  16.7
        D:8 |    1412 |     379 |  21.2 |      22 |       1 |   4.3
        D:9 |    1796 |    1152 |  39.1 |      30 |       4 |  11.8
       D:10 |    4844 |       0 |   0.0 |      24 |       0 |   0.0
       D:11 |    3471 |       0 |   0.0 |      15 |       0 |   0.0
       D:12 |    4061 |    2729 |  40.2 |      19 |       8 |  29.6
       D:13 |    7973 |    1611 |  16.8 |      20 |       3 |  13.0
       D:14 |    7709 |    3974 |  34.0 |      16 |       8 |  33.3
       D:15 |   12710 |    4788 |  27.4 |      31 |      10 |  24.4
     Lair:1 |    7810 |       0 |   0.0 |      37 |       0 |   0.0
     Lair:2 |    4260 |       0 |   0.0 |      16 |       0 |   0.0
     Lair:3 |    4728 |     450 |   8.7 |      21 |       2 |   8.7
     Lair:4 |    4063 |       0 |   0.0 |      17 |       0 |   0.0
     Lair:5 |   10410 |    9396 |  47.4 |      37 |      19 |  33.9
   Shoals:1 |   10919 |       0 |   0.0 |      20 |       0 |   0.0
    Snake:1 |   20143 |    1630 |   7.5 |      43 |       1 |   2.3
    Snake:2 |   18574 |    3574 |  16.1 |      38 |      10 |  20.8
    Snake:3 |   21086 |    9813 |  31.8 |      42 |       7 |  14.3
    Snake:4 |   12758 |   25357 |  66.5 |      25 |      50 |  66.7
      Orc:1 |    1439 |       0 |   0.0 |      18 |       0 |   0.0
      Orc:2 |    4676 |    8200 |  63.7 |      36 |      12 |  25.0
   Vaults:1 |   37811 |   23518 |  38.3 |      51 |      32 |  38.6
    Ossuary |       0 |    1700 | 100.0 |       0 |      38 | 100.0
     Bailey |       0 |    1258 | 100.0 |       0 |      19 | 100.0
            +---------+---------+-------+---------+---------+-------
